 Dungeon Sprint DCSS version 0.19.1 (webtiles) character file.

821 equalderp2856 the Gouger (level 7, 0/37 HPs)
             Began as a Felid Fighter on Nov 28, 2016.
             Was a Believer of Nemelex Xobeh.
             Slain by an eight-headed hydra (15 damage)
             ... in the Dungeon (Sprint IX: "|||||||||||||||||||||||||||||").
             The game lasted 00:04:31 (903 turns).

equalderp2856 the Gouger (Felid Fighter)             Turns: 903, Time: 00:04:33

Health: 0/37       AC:  4    Str: 13    XL:     7   Next: 63%
Magic:  12/12      EV: 29    Int: 10    God:    Nemelex Xobeh [**....]
Gold:   0          SH:  0    Dex: 16    Spells: 0 memorised, 6 levels left
                                        Lives:  0   Deaths: 2

rFire  . . .     SeeInvis +       - Unarmed
rCold  . . .     Gourm    .     (armour unavailable)
rNeg   . . .     Faith    .     (shield unavailable)
rPois  .         Spirit   .     (helmet unavailable)
rElec  .         Reflect  .     (cloak unavailable)
rCorr  .         Harm     .     (gloves unavailable)
MR     +....     NoTele   +     (boots unavailable)
Stlth  ++++......               (no amulet)
                                n - +2 ring of protection
                                m - +2 ring of evasion

@: quick
A: no armour, no weapons or thrown items, stealth, claws 1, fangs 3, see
invisible, carnivore 3, speed 1, shaggy fur 2, slow metabolism 1, sharp paws
a: Renounce Religion


You were in the Dungeon.
You worshipped Nemelex Xobeh.
Nemelex Xobeh was pleased with you.
You were not hungry.

You visited 1 branch

Inventory:

Jewellery
 m - a +2 ring of evasion (left paw)
 n - a +2 ring of protection (right paw)
Wands
 l - a wand of acid (1/15)
Scrolls
 h - 2 scrolls of blinking
 j - 3 scrolls of remove curse
 k - 2 scrolls of amnesia
 r - a scroll of recharging
 s - 2 scrolls of fear
Potions
 a - a potion of might
 c - 3 potions of curing
 d - 5 potions of heal wounds
 e - a potion of haste
 f - 4 potions of magic
 g - a potion of berserk rage
 i - a potion of invisibility
 p - a potion of agility
 q - a potion of brilliance
Comestibles
 b - 13 meat rations


   Skills:
 + Level 8.4 Fighting
 + Level 10.9 Dodging
 + Level 5.5 Stealth
 + Level 14.7 Unarmed Combat
 + Level 6.3 Invocations


You had 6 spell levels left.
You didn't know any spells.

Dungeon Overview and Level Annotations

Branches:
Dungeon (1/1)

Altars:
Cheibriados
Dithmenos
Elyvilon
Fedhas
Gozag
Hepliaklqana
Kikubaaqudgha
Makhleb
Nemelex Xobeh
Okawaru
Qazlal
Ru
Sif Muna
Trog
Uskayaw
Vehumet
Xom
Yredelemnul
Zin
The Shining One
Beogh
Jiyva
Lugonu


Innate Abilities, Weirdness & Mutations

You cannot wear armour.
You are incapable of wielding weapons or throwing items.
Your paws allow you to move quietly. (Stealth)
You have sharp claws.
You have razor-sharp teeth.
You have supernaturally acute eyesight. (SInv)
You are carnivorous and can eat meat at any time.
You cover ground quickly.
You are covered in thick fur. (AC +2)
You have a slow metabolism.
Your sharp claws are effective at attacking unaware monsters.


Message History

Zapping:
l - a wand of acid (3/15)
Press: ? - help, Shift-Dir - straight line, f/p - skeletal warrior
Aim: a skeletal warrior, wielding a halberd (moderately damaged)
The bolt of acid hits the eight-headed hydra.
The eight-headed hydra is splashed with acid.
The acid corrodes the eight-headed hydra!
The eight-headed hydra is almost dead.
The bolt of acid misses the skeletal warrior.
This wand has 2 charges left.
Evoke which item? (* to show all) (? for menu, Esc to quit)
Zapping:
l - a wand of acid (2/15)
Press: ? - help, Shift-Dir - straight line, f/p - skeletal warrior
Aim: a skeletal warrior, wielding a halberd (moderately damaged)
The bolt of acid misses the eight-headed hydra.
The bolt of acid hits the skeletal warrior.
The skeletal warrior is splashed with acid.
The skeletal warrior is heavily damaged.
This wand has 1 charge left.
The eight-headed hydra bites you! x3
You die...
Your body disappears without a glow.

▓)▓
▓(▓
▓)▓
▓.▓
▓.▓
▓.▓
▓+▓
▓)▓
▓=▓
▓.▓
▓=▓
▓.▓
▓@▓
▓.▓
▓D▓
▓.▓
▓.▓
▓.▓
▓z▓
▓'▓
▓)▓
▓_▓
▓)▓
▓_▓
▓§▓
▓_▓
▓)▓
▓_▓
▓)▓


You could see an eight-headed hydra and a skeletal warrior.

Vanquished Creatures
  3 lindwurms (D)
  A wyvern (D)
  A swamp worm (D)
  A centaur (D)
  A worker ant (D)
  An adder (D)
  4 worms (D)
  A leopard gecko (D)
  An orc (D)
  A bat (D)
  3 goblins (D)
  A kobold (D)
  A quokka (D)
  2 giant cockroach zombies (D)
22 creatures vanquished.

Vanquished Creatures (collateral kills)
  A troll (D)
1 creature vanquished.

Grand Total: 23 creatures vanquished

Notes
Turn   | Place    | Note
-------+----------+-------------------------------------------
     0 | D        | equalderp2856 the Felid Fighter began the quest for the Orb.
     0 | D        | Reached XP level 1. HP: 10/10 MP: 2/2
    16 | D        | Reached skill level 5 in Unarmed Combat
   141 | D        | Reached XP level 2. HP: 14/14 MP: 3/3
   338 | D        | Found a roughly hewn altar of Beogh.
   338 | D        | Found a snail-covered altar of Cheibriados.
   338 | D        | Found a shadowy altar of Dithmenos.
   338 | D        | Found a white marble altar of Elyvilon.
   338 | D        | Found a blossoming altar of Fedhas.
   338 | D        | Found an opulent altar of Gozag.
   339 | D        | Found a hazy altar of Hepliaklqana.
   340 | D        | Found a viscous altar of Jiyva.
   341 | D        | Found an ancient bone altar of Kikubaaqudgha.
   342 | D        | Found a corrupted altar of Lugonu.
   343 | D        | Found a burning altar of Makhleb.
   344 | D        | Found a sparkling altar of Nemelex Xobeh.
   345 | D        | Found an iron altar of Okawaru.
   346 | D        | Found a stormy altar of Qazlal.
   347 | D        | Found a sacrificial altar of Ru.
   348 | D        | Found a deep blue altar of Sif Muna.
   349 | D        | Found a bloodstained altar of Trog.
   350 | D        | Found a hide-covered altar of Uskayaw.
   351 | D        | Found a radiant altar of Vehumet.
   352 | D        | Found a shimmering altar of Xom.
   353 | D        | Found a basalt altar of Yredelemnul.
   354 | D        | Found a glowing silver altar of Zin.
   360 | D        | Became a worshipper of Nemelex Xobeh the Trickster
   364 | D        | Found a glowing golden altar of the Shining One.
   373 | D        | Received a gift from Nemelex Xobeh
   412 | D        | Noticed a centaur
   412 | D        | Noticed a troll
   412 | D        | Noticed a wyvern
   412 | D        | Noticed a hill giant
   417 | D        | Killed a centaur
   417 | D        | Reached skill level 8 in Unarmed Combat
   417 | D        | Reached XP level 3. HP: 7/18 MP: 4/4
   417 | D        | Reached XP level 4. HP: 8/22 MP: 5/5
   431 | D        | Reached skill level 5 in Fighting
   482 | D        | Killed a troll
   482 | D        | Reached skill level 1 in Stealth
   482 | D        | Reached skill level 10 in Unarmed Combat
   482 | D        | Reached skill level 1 in Invocations
   482 | D        | Reached XP level 5. HP: 15/27 MP: 6/6
   487 | D        | Noticed a swamp worm
   487 | D        | a hill giant changed into a swamp worm
   502 | D        | Killed a swamp worm
   502 | D        | Reached skill level 11 in Unarmed Combat
   502 | D        | Gained mutation: You are covered in thick fur. (AC +2) [Felid growth]
   502 | D        | Reached XP level 6. HP: 19/31 MP: 6/8
   506 | D        | HP: 1/31 [wyvern (18)]
   520 | D        | Killed a wyvern
   520 | D        | Reached skill level 12 in Unarmed Combat
   602 | D        | Noticed a gargoyle
   602 | D        | Noticed a hill giant
   602 | D        | Noticed a deep elf mage
   602 | D        | Noticed a purple ugly thing
   619 | D        | Killed from afar by a gargoyle
   620 | D        | Reached XP level 5. HP: 0/28 MP: 8/8
   620 | D        | Reached * piety under Nemelex Xobeh
   633 | D        | Received a gift from Nemelex Xobeh
   658 | D        | Noticed a lindwurm
   660 | D        | Noticed a lindwurm
   662 | D        | Noticed a lindwurm
   679 | D        | Killed a lindwurm
   679 | D        | Reached skill level 13 in Unarmed Combat
   679 | D        | Reached XP level 6. HP: 19/33 MP: 8/10
   679 | D        | Reached XP level 7. HP: 21/36 MP: 8/11
   819 | D        | Killed a lindwurm
   819 | D        | Reached skill level 10 in Dodging
   819 | D        | Reached skill level 14 in Unarmed Combat
   819 | D        | Reached skill level 5 in Invocations
   819 | D        | Reached XP level 8. HP: 38/40 MP: 11/13
   833 | D        | Killed a lindwurm
   833 | D        | Reached skill level 5 in Stealth
   836 | D        | Noticed a lindwurm
   843 | D        | Killed from afar by a lindwurm
   844 | D        | Reached XP level 7. HP: -6/37 MP: 12/12
   844 | D        | Reached ** piety under Nemelex Xobeh
   867 | D        | Noticed an eight-headed hydra
   867 | D        | Noticed a skeletal warrior
   867 | D        | Noticed a hippogriff
   867 | D        | Noticed a shadow
   867 | D        | Noticed a polar bear
   903 | D        | Slain by an eight-headed hydra

Skill      XL: |  1  2  3  4  5  6  7  8 |
---------------+-------------------------+-----
Unarmed Combat | 5 8 10 13 12 14 | 14.7
Fighting       | 4 6 7 8 |  8.4
Dodging        | 6 7 9 10 | 10.9
Stealth        | 1 4 2 5 |  5.5
Invocations    | 1 4 3 5 6 |  6.3

Action                   |  1- 3 |  4- 6 |  7- 9 || total
-------------------------+-------+-------+-------++-------
Melee: Unarmed           |    28 |    33 |    21 ||    82
       Bite              |     4 |     6 |       ||    10
       Punch             |     1 |     2 |       ||     3
Evoke: Deck              |       |    17 |     1 ||    18
       Wand              |       |       |     6 ||     6
  Use: Potion            |       |     4 |       ||     4
 Stab: Distracted        |       |     2 |       ||     2
Armor: Skin              |       |     4 |       ||     4
Dodge: Dodged            |    18 |    50 |    18 ||    86
